 Dungeon Sprint DCSS version 0.19-a0-1007-g133f65f (webtiles) character file.

437 Groucho the Gouger (level 6, -10/25 HPs)
             Began as a Felid Transmuter on July 20, 2016.
             Was a Believer of Makhleb.
             Mangled by a tengu warrior
             ... wielding a +0 broad axe
              (18 damage)
             ... in the Dungeon (Sprint IX: "|||||||||||||||||||||||||||||").
             The game lasted 00:02:04 (687 turns).

Groucho the Gouger (Felid Transmuter)                Turns: 687, Time: 00:02:05

Health: -10/25     AC:  4    Str: 11    XL:     6   Next: 69%
Magic:  17/17      EV: 18    Int: 15    God:    Makhleb [**....]
Gold:   0          SH:  0    Dex: 16    Spells: 2 memorised, 15 levels left
                                        Lives:  0   Deaths: 2

rFire  . . .     SeeInvis +       - Unarmed
rCold  . . .     Gourm    .     (armour unavailable)
rNeg   . . .     Faith    .     (shield unavailable)
rPois  .         Spirit   .     (helmet unavailable)
rElec  .         Dismiss  .     (cloak unavailable)
rCorr  .         Reflect  .     (gloves unavailable)
SustAt .         Harm     .     (boots unavailable)
MR     .....     NoTele   +     (no amulet)
Stlth  ++++++....               m - +2 ring of protection
                                l - +3 ring of strength

@: quick, not resistant to hostile enchantments, very stealthy
A: no armour, no weapons or thrown items, claws 1, fangs 3, see invisible,
carnivore 3, speed 1, shaggy fur 2, slow metabolism 1, sharp paws
a: Minor Destruction, Renounce Religion


You were in the Dungeon.
You worshipped Makhleb.
Makhleb was pleased with you.
You were not hungry.

You visited 1 branch

Inventory:

Missiles
 a - 12 arrows
Jewellery
 l - a +3 ring of strength (left paw)
 m - a +2 ring of protection (right paw)
Wands
 k - a wand of lightning (7/15)
Scrolls
 h - 3 scrolls of remove curse
 i - 2 scrolls of blinking
 j - 2 scrolls of amnesia
Potions
 e - 3 potions of heal wounds
 f - 4 potions of curing
 g - 4 potions of magic
Books
 b - a book of Changes

   Spells                             Type                      Level
   a - Beastly Appendage              Transmutation                1
   b - Sticks to Snakes               Transmutation                2
   c - Spider Form                    Transmutation/Poison         3
   d - Ice Form                       Ice/Transmutation            4
   e - Blade Hands                    Transmutation                5


   Skills:
 - Level 1.0 Fighting
 - Level 2.6 Dodging
 + Level 10.8 Stealth
 * Level 11.2 Unarmed Combat
 + Level 7.3 Spellcasting
 + Level 8.6 Transmutations


You had 15 spell levels left.
You knew the following spells:

 Your Spells              Type           Power        Failure   Level  Hunger
a - Beastly Appendage     Tmut           ####..       1%          1    None
b - Spider Form           Tmut/Pois      ###.......   10%         3    ##.....


Dungeon Overview and Level Annotations

Branches:
Dungeon (1/1)

Altars:
Cheibriados
Dithmenos
Elyvilon
Fedhas
Gozag
Hepliaklqana
Kikubaaqudgha
Makhleb
Nemelex Xobeh
Okawaru
Pakellas
Qazlal
Ru
Sif Muna
Trog
Uskayaw
Vehumet
Xom
Yredelemnul
Zin
The Shining One
Beogh
Jiyva
Lugonu


Innate Abilities, Weirdness & Mutations

You cannot wear armour.
You are incapable of wielding weapons or throwing items.
You have sharp claws.
You have razor-sharp teeth.
You have supernaturally acute eyesight. (SInv)
You are carnivorous and can eat meat at any time.
You cover ground quickly.
You are covered in thick fur. (AC +2)
You have a slow metabolism.
Your sharp claws are effective at attacking unaware monsters.


Message History

The tengu warrior closely misses you. The tengu warrior misses you.
The tengu warrior completely misses you.
You completely miss the tengu warrior. You claw the tengu warrior!
The tengu warrior is moderately wounded.
The tengu warrior barely misses you. The tengu warrior pecks you.
The tengu warrior closely misses you.
You barely miss the tengu warrior. Your bite misses the tengu warrior.
The tengu warrior is moderately wounded.
You scratch the tengu warrior.
The tengu warrior is moderately wounded.
The tengu warrior barely misses you.
The tengu warrior pecks you but does no damage.
The tengu warrior misses you.
You scratch the tengu warrior. Your claw misses the tengu warrior.
The tengu warrior is heavily wounded.
You closely miss the tengu warrior.
The tengu warrior is heavily wounded.
The tengu warrior hits you with a +0 broad axe!!
Ouch! That really hurt!
You die...

▓.▓.▓
▓Z▓.▓
▓.▓.▓
▓C▓.▓
▓Q▓.▓
▓)▓.▓
▓'▓.▓
▓.▓.▓
▓.Q@▓
▓▓▓▓▓


You could see a tengu warrior.

Vanquished Creatures
  A centaur warrior (D)
  A hungry ghost (D)
  An orc wizard (D)
  A jelly (D)
  An iguana (D)
  A worker ant (D)
  2 orcs (D)
  2 bats (D)
  A bat skeleton (D)
  A quokka (D)
  A ball python (D)
  A kobold (D)
  A rat (D)
15 creatures vanquished.

Notes
Turn   | Place    | Note
-------+----------+-------------------------------------------
     0 | D        | Groucho the Felid Transmuter began the quest for the Orb.
     0 | D        | Reached XP level 1. HP: 9/9 MP: 4/4
     7 | D        | Reached skill level 1 in Stealth
    25 | D        | Noticed a worker ant
    25 | D        | Noticed an iguana
    25 | D        | Noticed an orc wizard
    38 | D        | Killed a worker ant
    38 | D        | Reached skill level 4 in Unarmed Combat
    38 | D        | Reached XP level 2. HP: 9/12 MP: 5/7
    41 | D        | Reached skill level 5 in Unarmed Combat
    41 | D        | Reached XP level 3. HP: 11/15 MP: 5/8
    47 | D        | Reached skill level 5 in Stealth
    47 | D        | Reached skill level 6 in Unarmed Combat
    47 | D        | Reached XP level 4. HP: 11/19 MP: 5/10
   528 | D        | Found a glowing silver altar of Zin.
   528 | D        | Found a glowing golden altar of the Shining One.
   528 | D        | Found an ancient bone altar of Kikubaaqudgha.
   528 | D        | Found a basalt altar of Yredelemnul.
   528 | D        | Found a shimmering altar of Xom.
   528 | D        | Found a radiant altar of Vehumet.
   529 | D        | Found an iron altar of Okawaru.
   530 | D        | Found a burning altar of Makhleb.
   531 | D        | Found a deep blue altar of Sif Muna.
   532 | D        | Found a bloodstained altar of Trog.
   533 | D        | Found a sparkling altar of Nemelex Xobeh.
   534 | D        | Found a white marble altar of Elyvilon.
   535 | D        | Found a roughly hewn altar of Beogh.
   536 | D        | Found a viscous altar of Jiyva.
   537 | D        | Found a corrupted altar of Lugonu.
   538 | D        | Found a blossoming altar of Fedhas.
   539 | D        | Found a snail-covered altar of Cheibriados.
   540 | D        | Found a shadowy altar of Dithmenos.
   541 | D        | Found a stormy altar of Qazlal.
   542 | D        | Found an opulent altar of Gozag.
   543 | D        | Found a sacrificial altar of Ru.
   544 | D        | Found an oddly glowing altar of Pakellas.
   545 | D        | Found a hide-covered altar of Uskayaw.
   546 | D        | Found a hazy altar of Hepliaklqana.
   572 | D        | Became a worshipper of Makhleb the Destroyer
   611 | D        | Learned a level 3 spell: Spider Form
   612 | D        | Noticed a hill giant
   612 | D        | Noticed a sky beast
   612 | D        | Noticed an ogre
   620 | D        | Slain by a hill giant
   621 | D        | Reached XP level 3. HP: -2/15 MP: 8/9
   625 | D        | Reached * piety under Makhleb
   625 | D        | Reached XP level 4. HP: 19/19 MP: 11/11
   643 | D        | Noticed a cyclops
   643 | D        | Noticed a tengu warrior
   643 | D        | Noticed a centaur warrior
   643 | D        | Noticed a hungry ghost
   656 | D        | Killed a hungry ghost
   656 | D        | Reached skill level 8 in Unarmed Combat
   656 | D        | Reached skill level 5 in Spellcasting
   656 | D        | Reached XP level 5. HP: 14/22 MP: 9/13
   664 | D        | Killed a centaur warrior
   664 | D        | Reached skill level 10 in Stealth
   664 | D        | Reached skill level 11 in Unarmed Combat
   664 | D        | Gained mutation: You are covered in thick fur. (AC +2) [Felid growth]
   664 | D        | Reached XP level 6. HP: 14/25 MP: 11/17
   664 | D        | Reached XP level 7. HP: 16/28 MP: 11/18
   668 | D        | Reached ** piety under Makhleb
   671 | D        | Slain by a tengu warrior
   672 | D        | Reached XP level 6. HP: -5/25 MP: 12/17
   687 | D        | Mangled by a tengu warrior

Vault maps used:
D:        linesprint

Skill      XL: |  1  2  3  4  5 |
---------------+----------------+-----
Stealth        | 3 4 6 7 10 | 10.8
Unarmed Combat | 4 5 6 8 11 | 11.2
Spellcasting   | 3 4 5 7 |  7.3
Transmutations | 3 4 6 8 |  8.6
Fighting       | |  1.0
Dodging        | |  2.6

Action                   |  1- 3 |  4- 6 |  7- 9 || total
-------------------------+-------+-------+-------++-------
Melee: Unarmed           |    25 |    37 |     3 ||    65
       Headbutt          |     1 |       |       ||     1
       Bite              |     3 |       |       ||     3
       Punch             |     1 |     1 |       ||     2
 Cast: Beastly Appendage |     1 |       |       ||     1
       Spider Form       |       |     2 |       ||     2
  Use: Potion            |     3 |     1 |       ||     4
 Stab: Sleeping          |       |     1 |       ||     1
       Invisible         |       |     2 |     1 ||     3
  Eat: Meat ration       |       |       |     1 ||     1
Armor: Skin              |     3 |     5 |       ||     8
Dodge: Dodged            |    20 |    24 |     4 ||    48
